 Dungeon Crawl Stone Soup version 0.31-a0-995-g04711c9635 (webtiles) character file.

Game seed: 5726424168006091652

609 BinkBink the Covered (level 7, 0/62 HPs)
             Began as a Minotaur Fighter on Nov 6, 2023.
             Succumbed to a water moccasin's poison
             ... on level 4 of the Dungeon.
             The game lasted 00:05:34 (3751 turns).

BinkBink the Covered (Minotaur Fighter)             Turns: 3751, Time: 00:05:36

Health: 0/62       AC:  7    Str: 23    XL:     7   Next: 19%
Magic:  15/15      EV: 10    Int:  3    God:
Gold:   87         SH:  0    Dex:  9    Spells: 6/6 levels left

rFire   . . .        v - +1 battleaxe (elec)
rCold   . . .        (shield currently unavailable)
rNeg    . . .        b - +0 scale mail
rPois   .            (helmet restricted)
rElec   .            (no cloak)
rCorr   .            (no gloves)
SInv    +            (no boots)
Will    .....        r - amulet of guardian spirit Stlth
                     o - ring of magical power
HPRegen 0.30/turn    (no ring)
MPRegen 0.14/turn

%: guardian spirit
@: lethally poisoned (0 -> -1)
A: horns 2, retaliatory headbutt, see invisible, dopey 1
a: no special abilities


You were on level 4 of the Dungeon.
You visited 1 branch of the dungeon, and saw 6 of its levels.

You collected 222 gold pieces.
You spent 135 gold pieces at shops.

Inventory:

Hand Weapons
 a - a +0 war axe
 v - a +1 battleaxe of electrocution (weapon)
Armour
 b - a +0 scale mail (worn)
 c - a +0 buckler
 h - the +1 pair of boots "Xuwa" {rElec Str+2 Int+2 Slay+2}
   (You acquired it on level 4 of the Dungeon)

   Str+2:     It affects your strength (+2).
   Int+2:     It affects your intelligence (+2).
   Slay+2:    It affects your accuracy & damage with ranged weapons and melee
   (+2).
   rElec:     It insulates you from electricity.
Jewellery
 f - an amulet of magic regeneration
 o - a ring of magical power (left hand)
 r - an amulet of guardian spirit (around neck)
 x - a ring of protection from fire
Wands
 i - a wand of flame (19)
Scrolls
 e - a scroll of silence
 g - 2 scrolls of identify
 j - 2 scrolls of fog
 l - a scroll of teleportation {unknown}
 n - a scroll of noise {unknown}
 s - a scroll of enchant armour {unknown}
 t - a scroll of torment {unknown}
 u - a scroll of blinking {unknown}
Potions
 d - a potion of might
 q - a potion of enlightenment


   Skills:
 + Level 5.8 Fighting
 + Level 5.1 Axes
 + Level 5.8 Armour
 + Level 3.2 Dodging
 - Level 4.7 Shields


You had 6 spell levels left.
You didn't know any spells.
Your spell library was empty.

Dungeon Overview and Level Annotations

Branches:
Dungeon (6/15)
 Temple: D:4-7

Altars:
Cheibriados
Elyvilon
Kikubaaqudgha
Makhleb
Okawaru
Xom
Yredelemnul
Zin

Shops:
D:3 *

Annotations:
D:4 1 runed translucent door


Innate Abilities, Weirdness & Mutations

You have a pair of horns on your head.
You reflexively headbutt those who attack you in melee.
You have supernaturally acute eyesight. (SInv)
You are dopey. (Int -2)


Message History

* * * LOW HITPOINT WARNING * * *
You feel sick.
It was a potion of magic.
Magic courses through your body.
* * * LOW HITPOINT WARNING * * *
You feel very sick.
It was a potion of cancellation.
Your magical effects are unravelling.
You feel magically purged.
You feel yourself slow down.
* * * LOW HITPOINT WARNING * * *
You feel sick.
Unknown command.
Okay, then.
As you read the scroll labelled YREYSHRIJOP, it crumbles to dust.
It is a scroll of identify.
e - a scroll of silence
* * * LOW HITPOINT WARNING * * *
You feel very sick.
As you read the scroll of identify, it crumbles to dust.
j - 2 scrolls of fog
* * * LOW HITPOINT WARNING * * *
You feel sick.
As you read the scroll of identify, it crumbles to dust.
m - a scroll of acquirement
* * * LOW HITPOINT WARNING * * *
You feel sick. Something appears at your feet!
* * * LOW HITPOINT WARNING * * *
You feel sick.
h - the +1 pair of boots "Xuwa" {rElec Str+2 Int+2 Slay+2}
* * * LOW HITPOINT WARNING * * *
You feel sick.
* * * LOW HITPOINT WARNING * * *
You feel sick.
You start putting on your armour.
You continue putting on the +1 pair of boots "Xuwa" {rElec Str+2 Int+2 Slay+2}.
* * * LOW HITPOINT WARNING * * *
You feel sick.
You continue putting on the +1 pair of boots "Xuwa" {rElec Str+2 Int+2 Slay+2}.
You die...

.##. #.# .# #####†#
.... .# ##...#.# ..⌠.
... #......####.. ....
.### #...........# ..#
>#####.....##.####
.S.# .............#
#...#
#####.#.####.#####...#
#....)###....@...#
#.....##....######
#.....##....# #
#.....##†#.##
####..........#
...)#######.######
###.# #......# ....#
######.# ###.# #.#


There were no monsters in sight!

Vanquished Creatures
  A water moccasin (D:4)
  A centaur (D:5)
  A scorpion (D:5)
  3 hounds
  2 orc priests (D:5)
  An iguana (D:5)
  7 adders
  2 worms
  2 dart slugs
  13 orcs
  16 ball pythons
  6 bats
  3 endoplasms
  9 giant cockroaches
  7 goblins
  3 hobgoblins
  8 jackals
  2 quokkas
  3 frilled lizards (D:1)
  9 kobolds
  6 rats
105 creatures vanquished.

Notes
Turn   | Place    | Note
-------+----------+-------------------------------------------
     0 | D:1      | BinkBink the Minotaur Fighter began the quest for the Orb.
     0 | D:1      | Reached XP level 1. HP: 19/19 MP: 0/0
   139 | D:1      | Reached XP level 2. HP: 25/27 MP: 1/1
   811 | D:2      | Reached XP level 3. HP: 33/33 MP: 2/2
   875 | D:2      | Found a glowing silver altar of Zin.
  1463 | D:2      | Reached XP level 4. HP: 28/40 MP: 3/3
  1970 | D:3      | Found Pudev's Assorted Antiques.
  1976 | D:3      | Bought a dented garnet amulet for 135 gold pieces
  2699 | D:3      | Found a shimmering altar of Xom.
  2700 | D:3      | Found an ancient bone altar of Kikubaaqudgha.
  2842 | D:4      | Reached XP level 5. HP: 43/47 MP: 4/4
  2861 | D:4      | Reached skill level 1 in Dodging
  2932 | D:4      | Found a burning altar of Makhleb.
  2938 | D:4      | You fall into a shaft and drop 2 floors!
  2965 | D:5      | Entered Level 5 of the Dungeon
  2976 | D:5      | Reached skill level 5 in Fighting
  2981 | D:5      | Reached skill level 5 in Armour
  2981 | D:5      | Reached XP level 6. HP: 13/56 MP: 2/5
  3093 | D:5      | HP: 3/84 [poisoned by a scorpion]
  3093 | D:5      | HP: 1/84 [scorpion (2)]
  3331 | D:4      | Found an iron altar of Okawaru.
  3348 | D:4      | Found a runed translucent door.
  3353 | D:4      | Found the +0 toga "Victory" {*Victory Clar}
  3584 | D:4      | Found a snail-covered altar of Cheibriados.
  3584 | D:4      | Found a basalt altar of Yredelemnul.
  3585 | D:4      | Found a white marble altar of Elyvilon.
  3637 | D:4      | Identified the +5 sling of the Mind {flame, rCorr Str+7
                  | Dex-3}
  3728 | D:4      | Noticed a water moccasin
  3740 | D:4      | Killed a water moccasin
  3741 | D:4      | Reached skill level 5 in Axes
  3741 | D:4      | Reached XP level 7. HP: 15/62 MP: 6/6
  3741 | D:4      | Gained mutation: You are dopey. (Int -2) [potion of
                  | mutation]
  3741 | D:4      | Gained mutation: You have supernaturally acute eyesight.
                  | (SInv) [potion of mutation]
  3746 | D:4      | Identified a scroll of acquirement
  3747 | D:4      | Acquired the +1 pair of boots "Xuwa" {rElec Str+2 Int+2
                  | Slay+2}
  3747 | D:4      | HP: 3/62 [poisoned by a water moccasin]
  3749 | D:4      | HP: 1/62 [poisoned by a water moccasin]
  3751 | D:4      | Succumbed to a water moccasin's poison

Illustrated notes

Levels and vault maps discovered:
D:1:      wheals_arrival_shading, layout_loops_ring, moated_statue, minivault_4,
          minmay_distorted
D:2:      layout_loops_corners, basic_altar
D:3:      layout_loops_corners, nicolae_overflow_hidden_temple, serial_shops,
          shop
D:4:      layout_loops_cross, gammafunk_temple_overflow_claw,
          old_standard_altar, nicolae_overflow_guarded_unrand_okawaru_victory,
          minmay_temple_entry_junction
D:5:      layout_cave_pools, mainiacjoe_overflow_small_starburst,
          amcnicky_altar_gilded, grunt_dithmenos_smoke_and_mirrors,
          serial_column_ruins, column_ruins_columns_dead_end,
          column_ruins_grid_1, column_ruins_open_tiny, column_ruins_open_small,
          column_ruins_corridor_straight
D:6:      layout_loops_ring, serial_shops, shop, minmay_shop_enchanted_jewellery

Skill      XL: |  1  2  3  4  5  6 |
---------------+-------------------+-----
Fighting       | 4 5 |  5.8
Armour         | 4 5 |  5.8
Shields        | 4 |  4.7
Axes           | 3 4 5 |  5.1
Dodging        | 1 3 |  3.2

Action                     |  1- 3 |  4- 6 |  7- 9 || total
---------------------------+-------+-------+-------++-------
  Melee: War axe           |    95 |    64 |       ||   159
         Headbutt          |     9 |    16 |       ||    25
         Battleaxe         |       |    58 |       ||    58
    Use: Potion            |       |     4 |     3 ||     7
         Scroll            |       |       |     4 ||     4
 Armour: Scale mail        |    69 |    95 |       ||   164
         Skin              |       |     4 |       ||     4
  Dodge: Dodged            |    57 |    61 |       ||   118
  Block: Buckler           |    19 |    14 |       ||    33

Table legend: (Time is in decaauts)
 A = Elapsed time spent in this place.
 B = Non-inter-level travel time spent in this place.
 C = Inter-level travel time spent in this place.
 D = Time resting spent in this place.
 E = Time spent auto-exploring this place.
 F = Levels seen in this place.
 G = Mean time per level.
                   A        B        C        D        E       F      G
               +--------+--------+--------+--------+--------+-----+--------+
         Total |   3834 |   3693 |    141 |    253 |   2826 |   6 |  639.0 |
       Dungeon |   3834 |   3693 |    141 |    253 |   2826 |   6 |  639.0 |
               +--------+--------+--------+--------+--------+-----+--------+

Top non-repeatable levels by time:
     D:2: 1028 daAuts
     D:3: 1000 daAuts
     D:1: 823 daAuts
     D:4: 630 daAuts
     D:5: 324 daAuts
     D:6: 26 daAuts
